 Dungeon Crawl Stone Soup version 0.23.0-3-gf3c87f2 (webtiles) character file.

Game seed: 15701700998103727752

55 Borgoz the Sneak (level 3, -1/26 HPs)
             Began as a Ghoul Enchanter on Feb 24, 2019.
             Slain by a hobgoblin (2 damage)
             ... on level 2 of the Dungeon.
             The game lasted 00:03:16 (837 turns).

Borgoz the Sneak (Ghoul Enchanter)                   Turns: 837, Time: 00:03:18

Health: -1/26      AC:  2    Str: 11    XL:     3   Next: 93%
Magic:  5/5        EV: 12    Int: 10    God:
Gold:   100        SH:  0    Dex: 10    Spells: 3/6 levels left

rFire    . . .     SeeInvis .   a - +1 dagger
rCold    + . .     Gourm    .   (no shield)
rNeg     + + +     Faith    .   b - +0 robe
rPois    ∞         Spirit   .   (no helmet)
rElec    .         Reflect  .   (no cloak)
rCorr    .         Harm     .   (no gloves)
MR       .....                  (no boots)
Stlth    ++........             (no amulet)
HPRegen  0.00/turn              (no ring)
MPRegen  0.09/turn              (no ring)

@: flying, very slightly contaminated, rotting, slowed, very slow
A: rotting body, claws 1, carnivore, cold resistance 1, negative energy
resistance 3, inhibited regeneration, torment resistance, unbreathing
a: no special abilities


You were on level 2 of the Dungeon.
You were not hungry.

You visited 1 branch of the dungeon, and saw 2 of its levels.

You collected 100 gold pieces.

Inventory:

Hand Weapons
 a - a +1 dagger (weapon)
Missiles
 f - 14 poisoned needles
Armour
 b - a +0 robe (worn)
 k - a +0 cloak
Wands
 h - a wand of clouds (6)
Scrolls
 c - a scroll of teleportation {unknown}
 e - a scroll of immolation {unknown}
 g - a scroll of identify
 j - a scroll of fear {unknown}
 m - a scroll of magic mapping {unknown}
Potions
 l - a potion of heal wounds
 n - 2 potions of flight
Comestibles
 d - 5 rations


   Skills:
 + Level 0.2 Fighting
 + Level 1.1 Short Blades
 + Level 2.1 Dodging
 + Level 3.8 Stealth
 + Level 2.2 Spellcasting
 + Level 2.9 Hexes


You had 3 spell levels left.
You knew the following spells:

 Your Spells              Type           Power        Failure   Level  Hunger
a - Corona                Hex            #......      9%          1    ##.....
b - Ensorcelled Hibernat  Hex/Ice        #.....       26%         2    ###....

Your spell library contained the following spells:

 Spells                   Type           Power        Failure   Level  Hunger
 Confuse                  Hex            #.......     26%         3    ####...
 Tukima's Dance           Hex            #.......     26%         3    ####...
 Dazzling Spray           Conj/Hex       #.....       45%         3    ####...


Dungeon Overview and Level Annotations

Branches:
Dungeon (2/15)

Altars:

Annotations:
D:2 Natasha


Innate Abilities, Weirdness & Mutations

Your body is rotting away.
You thrive on raw meat.
You are immune to poison.
You have sharp fingernails.
You are carnivorous and can eat meat at any time.
Your flesh is cold resistant. (rC+)
You are immune to negative energy. (rN+++)
You do not regenerate when monsters are visible.
You are immune to unholy pain and torment.
You can survive without breathing.


Message History

You fly up into the air.
Natasha completely misses you.
It was a potion of curing.
You feel better. The adder bites you. The hobgoblin completely misses you.
Natasha casts a spell at you. The magic dart hits you!
* * * LOW HITPOINT WARNING * * *
It was a potion of magic.
Magic courses through your body. The adder barely misses you.
The hobgoblin barely misses you. x2
Natasha closely misses you.
Okay, then.
As you read the scroll labeled QIFONG RAG DIRCH, it crumbles to dust.
It is a scroll of identify.
l - a potion of heal wounds The adder bites you.
* * * LOW HITPOINT WARNING * * *
Natasha casts a spell at you.
You feel yourself slow down. The hobgoblin hits you.
* * * LOW HITPOINT WARNING * * *
The hobgoblin hits you.
You die...

#.######.#...### #.
#...#...........
#.#########..........<..
...#.......#.........#.#
...........[.........#.#
...........##..........#
...........##........###
......h....##.........##
......g@...............#
......Sg.......#........
...............#.#####.#
............##...# #..#
................## #..#
##.............### #...
#....#...........####)#.
#...##!........#.##...#.
........>..........÷..


You could see Natasha, an adder and 2 hobgoblins.

Vanquished Creatures
  Jessica (D:2)
  An adder (D:2)
  A worm (D:2)
  A dart slug (D:1)
  2 bats (D:2)
  A giant cockroach (D:2)
  2 goblins
  A hobgoblin (D:1)
  2 frilled lizards
  3 kobolds
  4 rats (D:1)
19 creatures vanquished.

Notes
Turn   | Place    | Note
-------+----------+-------------------------------------------
     0 | D:1      | Borgoz the Ghoul Enchanter began the quest for the Orb.
     0 | D:1      | Reached XP level 1. HP: 14/14 MP: 2/2
   200 | D:1      | Reached XP level 2. HP: 17/20 MP: 3/3
   225 | D:2      | Noticed Jessica
   268 | D:2      | Killed Jessica
   268 | D:2      | Reached skill level 1 in Short Blades
   268 | D:2      | Reached XP level 3. HP: 24/24 MP: 3/5
   314 | D:2      | Learned a level 2 spell: Ensorcelled Hibernation
   340 | D:2      | Noticed Natasha
   837 | D:2      | HP: 1/26 [hobgoblin (4)]
   837 | D:2      | Slain by a hobgoblin

Skill      XL: |  1  2  3 |
---------------+----------+-----
Short Blades   | 1 |  1.1
Spellcasting   | 2 |  2.2
Dodging        | 2 |  2.1
Fighting       | |  0.2
Stealth        | |  3.8
Hexes          | |  2.9

Action                   || total
-------------------------++-------
Melee: Dagger            ||    75
 Cast: Corona            ||     5
       Ensorcelled Hiber ||     3
  Use: Potion            ||     5
       Scroll            ||     1
 Stab: Sleeping          ||     5
  Eat: Chunk             ||     6
Armor: Robe              ||    10
Dodge: Dodged            ||    53
